AoeStats
← Red Calypso

Arena

504363078Analyzed
4v4 RM · 28d ago on Sep 5, 2026· 54m 40s· 8 players
Game mode
Random Map
Map size
Large (8 player)
Population
200
Speed
Normal
Resources
Standard
Victory
Conquest
Starting age
Dark Age
Ending age
Imperial Age
RankedLock teamsTeams togetherTeam positionsShared explorationLock speedFull tech treeHidden civsTurbo modeCheats
Victory
Defeat
🇻🇳 Japanese · Vietnam
1508
+12
🇨🇳 Cumans · China
1476
+14
🇨🇱 Poles · Chile
1460
+14
🇻🇳 Mongols · Vietnam
1340
+20
🇩🇪 Slavs · Germany
1494
-18
🇩🇪 Khmer · Germany
1437
-16
🇩🇪 Persians · Germany
1394
-14
🇦🇹 Britons · Austria
1358
-12
Red Calypso
8:29 Loom
10:19 Feudal Age
11:29 Loom
14:40 Castle Age
13:10 Double-Bit Axe
21:40 Town Watch
22:26 Fletching
22:25 Horse Collar
25:42 Bow Saw
25:37 Heavy Plow
26:42 Bodkin Arrow
29:37 Ballistics
30:08 Wheelbarrow
29:43 Padded Archer Armor
33:57 Imperial Age
32:19 Hand Cart
33:30 Yeomen
34:19 Crossbowman
35:14 Bracer
36:24 Chemistry
36:14 Arbalester
40:25 Gold Mining
40:27 Stone Mining
41:10 Fortified Wall
45:07 Two-Man Saw
44:42 Scale Mail Armor
44:53 Forging
45:21 Conscription
44:47 Pikeman
46:30 Chain Mail Armor
46:50 Iron Casting
47:46 Plate Mail Armor
48:53 Squires
51:49 Halberdier
52:25 Halberdier
Breznsoiza
11:07 Feudal Age
14:46 Castle Age
12:41 Double-Bit Axe
14:35 Horse Collar
17:49 Light Cavalry
22:49 Bow Saw
24:19 Bloodlines
25:38 Scale Barding Armor
26:52 Chain Barding Armor
27:24 Loom
35:44 Heavy Plow
39:59 Forging
39:55 Husbandry
39:59 Gold Mining
42:27 Gold Shaft Mining
42:48 Iron Casting
43:16 Wheelbarrow
42:27 Town Watch
44:16 Hand Cart
47:28 Imperial Age
47:08 Scale Mail Armor
46:33 Man-at-Arms
47:13 Squires
47:33 Long Swordsman
48:33 Chain Mail Armor
49:20 Blast Furnace
47:51 Hussar
48:43 Druzhina
49:04 Conscription
48:19 Two-Handed Swordsman
49:43 Plate Mail Armor
49:48 Plate Barding Armor
49:17 Champion
51:38 Pikeman
52:08 Halberdier
LukasPlanet
9:58 Feudal Age
12:03 Loom
14:43 Castle Age
14:00 Double-Bit Axe
13:55 Horse Collar
15:53 Bow Saw
18:55 Heavy Plow
22:19 Wheelbarrow
23:35 Hand Cart
24:32 Gold Mining
26:45 Stone Mining
27:32 Gold Shaft Mining
29:50 Imperial Age
28:17 Stone Shaft Mining
27:50 Scale Barding Armor
27:55 Forging
28:53 Chain Barding Armor
29:58 Iron Casting
29:43 Husbandry
29:54 Bloodlines
29:32 Cavalier
30:56 Plate Barding Armor
30:58 Iron Casting
30:54 Savar
32:19 Conscription
35:16 Blast Furnace
36:20 Town Watch
47:07 Light Cavalry
49:03 Crossbowman
ShellyBlackJack
10:52 Feudal Age
13:36 Castle Age
11:51 Double-Bit Axe
14:50 Bow Saw
15:21 Horse Collar
16:13 Heavy Plow
16:59 Loom
20:51 Gold Mining
22:17 Wheelbarrow
27:50 Imperial Age
26:19 Hand Cart
29:08 Crop Rotation
28:18 Pikeman
29:00 Scale Mail Armor
29:10 Forging
29:49 Conscription
29:32 Double Crossbow
30:17 Chain Mail Armor
31:09 Chemistry
31:11 Iron Casting
31:46 Ballistics
32:31 Halberdier
34:14 Blast Furnace
33:59 Arson
34:43 Scale Barding Armor
34:18 Heavy Scorpion
37:58 Chain Barding Armor
40:27 Siege Engineers
40:18 Murder Holes
41:43 Masonry
42:12 Plate Barding Armor
42:01 Padded Archer Armor
41:41 Light Cavalry
42:32 Bloodlines
42:22 Husbandry
逸丶然
8:09 Feudal Age
8:47 Double-Bit Axe
10:07 Horse Collar
15:45 Wheelbarrow
20:00 Castle Age
19:12 Scale Barding Armor
19:17 Forging
19:00 Gold Mining
21:06 Bloodlines
21:32 Bow Saw
22:03 Loom
23:20 Bow Saw
23:11 Heavy Plow
23:03 Stone Mining
23:08 Town Watch
23:53 Chain Barding Armor
24:10 Iron Casting
32:35 Imperial Age
30:21 Hand Cart
33:31 Masonry
32:46 Capped Ram
32:56 Cavalier
33:29 Pikeman
34:09 Squires
33:55 Arson
34:48 Plate Barding Armor
35:13 Blast Furnace
34:20 Paladin
34:25 Siege Ram
35:09 Onager
37:00 Conscription
38:31 Light Cavalry
39:08 Siege Ram
39:32 Hussar
40:55 Siege Onager
46:56 Coinage
46:36 Guilds
46:15 Halberdier
46:58 Scale Mail Armor
49:17 Banking
49:03 Chain Mail Armor
bina
10:53 Feudal Age
14:49 Castle Age
12:59 Double-Bit Axe
14:02 Horse Collar
14:17 Gold Mining
16:00 Bow Saw
17:46 Fletching
20:01 Fervor
20:10 Padded Archer Armor
22:04 Bodkin Arrow
22:36 Bodkin Arrow
24:41 Loom
26:37 Bloodlines
27:30 Ballistics
28:30 Wheelbarrow
31:34 Imperial Age
30:06 Gold Shaft Mining
29:42 Husbandry
30:18 Bloodlines
31:12 Leather Archer Armor
32:14 Hand Cart
31:40 Capped Ram
32:22 Bracer
33:12 Drill
33:08 Town Watch
33:30 Siege Ram
34:50 Elite Mangudai
37:23 Chemistry
36:44 Heavy Camel Rider
37:55 Scale Barding Armor
38:01 Forging
40:41 Iron Casting
40:32 Chain Barding Armor
41:05 Conscription
44:16 Blast Furnace
43:35 Sappers
44:24 Siege Engineers
45:49 Thumb Ring
47:01 Conscription
47:50 Masonry
48:22 Light Cavalry
50:00 Hussar
51:11 Parthian Tactics
53:47 Squires
53:32 Arson
ost.nostalgia
5:18 Loom
10:34 Feudal Age
14:26 Castle Age
12:29 Double-Bit Axe
13:07 Horse Collar
15:45 Bow Saw
20:30 Heavy Plow
23:57 Squires
24:00 Gold Mining
26:51 Wheelbarrow
26:54 Scale Mail Armor
27:05 Forging
29:40 Hand Cart
31:56 Imperial Age
29:12 Town Watch
30:41 Arson
31:12 Chain Mail Armor
31:33 Iron Casting
31:46 Fletching
33:07 Conscription
32:47 Yasama
32:45 Bodkin Arrow
32:38 Heavy Cavalry Archer
33:27 Pikeman
34:38 Plate Mail Armor
34:55 Halberdier
39:39 Iron Casting
39:07 Bracer
39:08 Padded Archer Armor
40:47 Ballistics
41:33 Guard Tower
42:47 Blast Furnace
42:02 Leather Archer Armor
42:43 Kataparuto
43:26 Two-Man Saw
43:30 Chemistry
50:37 Elite Samurai
51:49 Ring Archer Armor
51:57 Keep
51:03 Treadmill Crane
51:34 Masonry
51:30 Siege Engineers
51:11 Arrowslits
Thanos 2022
11:45 Feudal Age
12:28 Double-Bit Axe
12:58 Horse Collar
15:39 Castle Age
17:20 Bow Saw
17:37 Heavy Plow
24:41 Wheelbarrow
28:56 Imperial Age
26:42 Hand Cart
26:41 Forging
26:58 Scale Barding Armor
27:34 Szlachta Privileges
28:39 Iron Casting
28:16 Bloodlines
28:08 Husbandry
28:40 Gold Mining
29:49 Chain Barding Armor
28:58 Cavalier
30:40 Blast Furnace
30:02 Conscription
30:16 Crop Rotation
30:28 Loom
31:36 Stone Mining
34:21 Chemistry
38:05 Hoardings
41:09 Caravan
41:19 Fletching
42:12 Bodkin Arrow
43:54 Bracer
46:11 Onager
50:35 Siege Engineers
Connection lost

Rejoining the realm…

Still unreachable

The connection could not be restored.

Session expired

The server has moved on; the page needs a fresh start.